 Dungeon Crawl Stone Soup version 0.29-a0-878-g7b45a56547 (webtiles) character file.

Game seed: 15537788683344794618

28 Malachi the Insei (level 2, -2/23 HPs)
             Began as a Demigod Transmuter on July 20, 2022.
             Slain by a gnoll
             ... wielding a +0 flail
              (4 damage)
             ... on level 2 of the Dungeon.
             The game lasted 00:01:59 (1151 turns).

Malachi the Insei (Demigod Transmuter)              Turns: 1151, Time: 00:01:59

Health: -2/23      AC:  3    Str: 11    XL:     2   Next: 78%
Magic:  7/7        EV: 12    Int: 15    God:
Gold:   57         SH:  0    Dex: 20    Spells: 3/4 levels left

rFire   . . .      SeeInvis .     - Unarmed
rCold   . . .      Faith    .   (no shield)
rNeg    . . .      Spirit   .   a - +0 robe
rPois   .          Reflect  .   (helmet currently unavailable)
rElec   .          Harm     .   d - scarf {repulsion}
rCorr   .          Rampage  .   m - +0 pair of gloves
Will    .....                   (boots currently unavailable)
Stlth   ++........              (no amulet)
HPRegen 0.07/turn               g - +6 ring of dexterity
MPRegen 0.10/turn               (no ring)

@: appendages (expiring), repel missiles
A: horns 2, talons 2, high MP 1, forlorn, divine attributes
a: End Transformation


You were on level 2 of the Dungeon.
You had temporarily grown beastly horns and talons.
You visited 1 branch of the dungeon, and saw 2 of its levels.

You collected 57 gold pieces.

Inventory:

Missiles
 e - 5 atropa-tipped darts
Armour
 a - a +0 robe (worn)
 d - a scarf of repulsion (worn)
 h - a +0 helmet (melded)
 m - a +0 pair of gloves (worn)
Jewellery
 g - a +6 ring of dexterity (left hand)
Scrolls
 j - a scroll of brand weapon {unknown}
 k - a scroll of fear {unknown}
 l - a scroll of identify {unknown}
Potions
 b - a potion of lignification
 c - a potion of berserk rage {unknown}
 f - a potion of curing {unknown}
 i - 2 potions of might {unknown}


   Skills:
 - Level 1.0 Fighting
 - Level 1.8 Dodging
 + Level 3.7 Unarmed Combat
 - Level 1.8 Spellcasting
 - Level 1.8 Transmutations


You had 3 spell levels left.
You knew the following spells:

 Your Spells              Type           Power      Damage    Failure   Level
a - Beastly Appendage     Tmut           12%        N/A       11%         1

Your spell library contained the following spells:

 Spells                   Type           Power      Damage    Failure   Level
 Wereblood                Tmut           6%         N/A       16%         2
 Spider Form              Tmut/Pois      4%         N/A       43%         3
 Ice Form                 Ice/Tmut       4%         N/A       83%         4


Dungeon Overview and Level Annotations

Branches:
Dungeon (2/15)


Innate Abilities, Weirdness & Mutations

You have temporarily grown beastly horns and talons.
You have an increased reservoir of magic. (+10% MP)
You shall have no god before yourself.
Your divine heritage dramatically boosts your attributes as you level up.


Message History

Your transformation is almost over.
Unknown command.
You hit the endoplasm.
The endoplasm is severely wounded.
The endoplasm freezes you.
You are frozen.
You hit the endoplasm.
You kill the endoplasm!
No target in view!
No target in view!
No target in view!
No target in view!
No target in view!
No target in view!
No target in view!
No target in view!
A gnoll comes into view. It is wielding a +0 flail.
A gnoll is nearby!
A gnoll is nearby!
The gnoll shouts!
You hear a shout! x2
Casting: Beastly Appendage (safe; 11% risk of failure)
Press: ? - help, Q - select action, (/) - cycle Dir - look around, f - activate You extend your transformation's duration.
A gnoll comes into view. It is wielding a +0 club.
A hobgoblin comes into view.
Unknown command.
A gnoll comes into view. It is wielding a +0 sling.
The gnoll hits you with a +0 flail.
You hit the gnoll.
The gnoll is moderately wounded.
The gnoll misses you.
You barely miss the gnoll. Your kick misses the gnoll.
The gnoll is moderately wounded.
The gnoll hits you with a +0 flail!
Your transformation is almost over.
The gnoll attacks as you move away! The gnoll hits you but does no damage.
The gnoll attacks as you move away! The gnoll hits you with a +0 flail!
* * * LOW HITPOINT WARNING * * *
The gnoll attacks as you move away! The gnoll hits you with a +0 flail.
You die...

#..########g........
#.......#.......##
#.......#g#...#.####
#.......#g#...>....#
#.)......#....$...#
#...###g..........# ##
##....g.##...!....#
...####...g#####.........
##......#@...............
#................#.......
.......<......#..##..###.
....#.........#.## #.#
.....##.......# .. .....
#.<.......# ....
#.......#.# ..
...#......# .
.##.#.#.....


You could see 2 gnolls and a hobgoblin.

Vanquished Creatures
  3 ball pythons (D:1)
  2 bats (D:1)
  4 endoplasms
  4 hobgoblins (D:1)
  4 jackals (D:1)
  2 kobolds (D:1)
  A quokka (D:1)
  2 frilled lizards (D:1)
  2 rats (D:1)
24 creatures vanquished.

Notes
Turn   | Place    | Note
-------+----------+-------------------------------------------
     0 | D:1      | Malachi the Demigod Transmuter began the quest for the Orb.
     0 | D:1      | Reached XP level 1. HP: 15/15 MP: 5/5
   182 | D:1      | Reached skill level 1 in Fighting
   325 | D:1      | Reached skill level 3 in Unarmed Combat
   538 | D:1      | Reached XP level 2. HP: 23/23 MP: 7/7
  1056 | D:1      | Noticed a chaos spawn
  1151 | D:2      | Slain by a gnoll

Illustrated notes

Levels and vault maps discovered:
D:1:      dpeg_arrival_concentric_ovals, layout_rooms,
          dreamdust_ecumenical_altar_sealed_demon, due_unseen_surprise
D:2:      layout_rooms

Skill      XL: |  1 |
---------------+----+-----
Fighting       | 1 |  1.0
Unarmed Combat | 3 |  3.7
Dodging        | |  1.8
Spellcasting   | |  1.8
Transmutations | |  1.8

Action                   || total
-------------------------++-------
Melee: Unarmed           ||    54
       Kick              ||    11
       Headbutt          ||     5
       Punch             ||     1
 Cast: Beastly Appendage ||    18
Armor: Robe              ||    10
Dodge: Dodged            ||    27

Table legend: (Time is in decaauts)
 A = Elapsed time spent in this place.
 B = Non-inter-level travel time spent in this place.
 C = Inter-level travel time spent in this place.
 D = Time resting spent in this place.
 E = Time spent auto-exploring this place.
 F = Levels seen in this place.
 G = Mean time per level.
                   A        B        C        D        E       F      G
               +--------+--------+--------+--------+--------+-----+--------+
         Total |   1147 |   1132 |     15 |    151 |    773 |   2 |  573.5 |
       Dungeon |   1147 |   1132 |     15 |    151 |    773 |   2 |  573.5 |
               +--------+--------+--------+--------+--------+-----+--------+

Top non-repeatable levels by time:
     D:1: 1093 daAuts
     D:2: 53 daAuts
